AoeStats
← 哩來

Black Forest

510520461Analyzed
3v3 RM · 2d ago on Oct 1, 2026· 47m 47s· 6 players
Game mode
Random Map
Map size
Normal (6 player)
Population
200
Speed
Normal
Resources
Standard
Victory
Conquest
Starting age
Dark Age
Ending age
Imperial Age
RankedLock teamsTeams togetherTeam positionsShared explorationLock speedFull tech treeHidden civsTurbo modeCheats
Victory
Defeat
🇮🇱 Persians · Israel
1294
+13
🇦🇺 Bohemians · Australia
1280
+15
🇺🇸 Teutons · United States
1269
+14
🇷🇺 Inca · Russia
1242
-14
🇹🇼 Mongols · Taiwan
1239
-14
🇹🇼 Persians · Taiwan
1232
-14
哩來
0:44 Loom
13:12 Feudal Age
17:43 Castle Age
15:33 Double-Bit Axe
15:30 Horse Collar
19:39 Bow Saw
19:37 Heavy Plow
24:13 Wheelbarrow
25:10 Stone Mining
25:50 Gold Mining
26:36 Stone Shaft Mining
26:42 Hand Cart
27:43 Town Watch
30:07 Coinage
33:28 Imperial Age
31:20 Fletching
31:30 Padded Archer Armor
31:58 Town Patrol
33:26 Nomads
33:27 Bodkin Arrow
33:47 Leather Archer Armor
33:42 Forging
33:38 Scale Barding Armor
33:48 Bloodlines
33:38 Husbandry
33:47 Thumb Ring
34:13 Atonement
34:24 Fervor
33:44 Light Cavalry
35:44 Conscription
36:06 Hussar
37:39 Banking
37:34 Chain Barding Armor
37:59 Bracer
39:07 Iron Casting
39:12 Ballistics
39:52 Chemistry
39:05 Elite Mangudai
41:06 Gold Shaft Mining
44:29 Blast Furnace
48:26 Parthian Tactics
love032145
11:27 Feudal Age
12:33 Double-Bit Axe
15:02 Castle Age
13:01 Horse Collar
16:29 Bow Saw
17:25 Loom
19:21 Heavy Plow
20:20 Wheelbarrow
25:34 Gold Mining
25:48 Stone Mining
29:11 Imperial Age
26:51 Loom
27:27 Hand Cart
27:22 Town Watch
27:47 Scale Barding Armor
28:45 Town Patrol
28:58 Forging
29:09 Chain Barding Armor
29:26 Caravan
30:01 Conscription
30:09 Elite War Elephant
31:30 Iron Casting
31:36 Crop Rotation
32:17 Two-Man Saw
32:39 Bloodlines
32:29 Husbandry
33:50 Plate Barding Armor
34:15 Blast Furnace
33:00 Pikeman
33:41 Squires
34:04 Devotion
33:32 Light Cavalry
34:38 Halberdier
36:17 Gold Shaft Mining
36:17 Stone Shaft Mining
35:37 Fletching
36:53 Chemistry
36:05 Masonry
36:15 Ballistics
37:45 Bodkin Arrow
38:26 Citadels
43:09 Architecture
43:49 Scale Mail Armor
matiev-82
1:10 Loom
16:10 Feudal Age
17:48 Wheelbarrow
16:55 Horse Collar
17:02 Double-Bit Axe
17:32 Gold Mining
22:27 Castle Age
21:37 Stone Mining
24:34 Heavy Plow
24:49 Bow Saw
25:49 Hand Cart
27:26 Stone Shaft Mining
28:21 Gold Shaft Mining
33:46 Imperial Age
31:54 Scale Mail Armor
35:29 Conscription
36:15 Crop Rotation
36:25 Chain Mail Armor
36:51 Caravan
36:54 Onager
38:21 Elite Skirmisher
40:03 Champi Runner
42:03 Ballistics
42:44 Chemistry
42:31 Fletching
43:13 Plate Mail Armor
44:30 Bodkin Arrow
44:47 Forging
45:14 Champi Warrior
sbr
0:34 Loom
12:51 Feudal Age
17:44 Castle Age
15:55 Double-Bit Axe
16:13 Horse Collar
18:15 Stone Mining
19:50 Bow Saw
21:21 Heavy Plow
23:40 Wheelbarrow
27:23 Hand Cart
26:55 Town Watch
31:18 Imperial Age
28:42 Pikeman
29:22 Squires
29:08 Arson
29:25 Scale Mail Armor
29:35 Forging
29:59 Gambesons
30:41 Fortified Wall
31:36 Onager
33:54 Chemistry
33:06 Masonry
32:59 Gold Mining
34:09 Halberdier
35:05 Chain Mail Armor
35:25 Iron Casting
35:41 Conscription
36:33 Plate Mail Armor
38:32 Stone Shaft Mining
40:10 Blast Furnace
41:35 Two-Man Saw
41:41 Siege Engineers
44:00 Crop Rotation
44:26 Caravan
45:43 Ironclad
45:45 Crenellations
46:36 Bombard Tower
46:37 Ballistics
Goku_San
5:52 Loom
9:52 Feudal Age
10:21 Double-Bit Axe
15:18 Castle Age
14:13 Horse Collar
20:24 Stone Mining
21:24 Heavy Plow
21:24 Gold Mining
22:36 Bow Saw
23:49 Wheelbarrow
25:04 Gold Shaft Mining
25:51 Stone Shaft Mining
25:47 Hand Cart
29:23 Imperial Age
27:27 Scale Barding Armor
27:48 Town Watch
28:34 Chain Barding Armor
28:25 Forging
29:13 Bloodlines
29:04 Husbandry
30:18 Plate Barding Armor
30:06 Conscription
29:35 Elite War Elephant
31:49 Iron Casting
33:53 Blast Furnace
33:56 Caravan
36:36 Two-Man Saw
36:13 Crop Rotation
36:28 Pikeman
37:09 Squires
37:32 Halberdier
38:14 Scale Mail Armor
39:18 Chain Mail Armor
40:34 Plate Mail Armor
40:44 Coinage
the black fella
0:59 Loom
12:11 Feudal Age
12:44 Double-Bit Axe
18:03 Castle Age
17:17 Wheelbarrow
17:21 Horse Collar
20:29 Fervor
20:48 Heavy Plow
23:12 Town Watch
27:31 Bow Saw
28:17 Hand Cart
30:17 Chemistry
32:58 Imperial Age
31:27 Masonry
31:53 Town Patrol
33:02 Fortified Wall
33:02 Scale Mail Armor
33:12 Forging
33:06 Caravan
33:04 Houfnice
36:39 Wagenburg Tactics
36:55 Conscription
38:13 Siege Engineers
40:47 Guilds
40:51 Hussite Reforms
41:45 Architecture
42:59 Coinage
44:03 Ballistics
44:47 Two-Man Saw
44:05 Redemption
44:11 Block Printing
44:17 Sanctity
44:42 Devotion
45:07 Illumination
44:38 Herbal Medicine
44:47 Atonement
45:22 Theocracy
45:08 Heresy
Connection lost

Rejoining the realm…

Still unreachable

The connection could not be restored.

Session expired

The server has moved on; the page needs a fresh start.